 Dungeon Crawl Stone Soup version 0.23.0 (webtiles) character file.

Game seed: 6708754299656198884

189 chequers the Grave Robber (level 5, 0/35 HPs)
             Began as a Demonspawn Necromancer on Feb 21, 2019.
             Slain by Blork the orc
             ... wielding a +6 hand axe of chopping
              (7 damage)
             ... on level 3 of the Dungeon.
             The game lasted 00:04:50 (3966 turns).

chequers the Grave Robber (Demonspawn Necromancer)  Turns: 3966, Time: 00:04:50

Health: 0/35       AC: 10    Str:  8    XL:     5   Next: 40%
Magic:  8/8        EV:  3    Int: 18    God:
Gold:   180        SH:  0    Dex: 13    Spells: 7/8 levels left

rFire    . . .     SeeInvis .   h - +0 mace
rCold    . . .     Gourm    .   (no shield)
rNeg     . . .     Faith    .   f - +0 chain mail
rPois    .         Spirit   .   (no helmet)
rElec    .         Reflect  .   (no cloak)
rCorr    .         Harm     .   (no gloves)
MR       .....                  (no boots)
Stlth    ..........             (no amulet)
HPRegen  0.11/turn              (no ring)
MPRegen  0.11/turn              (no ring)

@: no status effects
A: slimy green scales 1, spiny 1
a: no special abilities


You were on level 3 of the Dungeon.
You were not hungry.

You visited 1 branch of the dungeon, and saw 4 of its levels.

You collected 180 gold pieces.

Inventory:

Hand Weapons
 b - a +0 short sword
 h - a +0 mace (weapon)
Armour
 a - a +0 robe
 f - a +0 chain mail (worn)
Scrolls
 d - 2 scrolls of identify
 g - 3 scrolls of remove curse
 m - a scroll of fear {unknown}
Potions
 e - a potion of ambrosia {unknown}
 i - a potion of invisibility {unknown}
 j - 3 potions of might {unknown}
 k - a potion of flight {unknown}
Comestibles
 c - 7 rations
 l - a chunk of flesh


   Skills:
 + Level 2.6 Maces & Flails
 - Level 1.7 Dodging
 - Level 1.7 Stealth
 - Level 2.0 Spellcasting
 - Level 6.5 Necromancy


You had 7 spell levels left.
You knew the following spells:

 Your Spells              Type           Power        Failure   Level  Hunger
a - Pain                  Necr           ####         94%         1    #......

Your spell library contained the following spells:

 Spells                   Type           Power        Failure   Level  Hunger
 Animate Skeleton         Necr           N/A          94%         1    #......
 Regeneration             Chrm/Necr      ##........   100%        3    ###....
 Vampiric Draining        Necr           ####......   100%        3    ###....
 Animate Dead             Necr           N/A          100%        4    #####..


Dungeon Overview and Level Annotations

Branches:
Dungeon (4/15)
 Temple: D:4-7

Altars:
Cheibriados

Annotations:
D:3 Blork the orc


Innate Abilities, Weirdness & Mutations

You are partially covered in slimy green scales. (AC +2)
You are partially covered in sharp spines.


Message History

You hit Blork the orc but do no damage.
Blork the orc is almost dead.
Blork the orc casts a spell.
Blork the orc seems to speed up.
You hit Blork the orc.
Blork the orc is almost dead.
Blork the orc drinks a potion.
Blork the orc is healed!
Blork the orc is struck by your spines. Blork the orc completely misses you.
You hit Blork the orc but do no damage.
Blork the orc is severely wounded.
Blork the orc hits you with a +6 hand axe of chopping.
* * * LOW HITPOINT WARNING * * *
x2 You hit Blork the orc.
Blork the orc is almost dead.
Blork the orc casts a spell at you. The magic dart hits you.
* * * LOW HITPOINT WARNING * * *
Blork the orc hits you with a +6 hand axe of chopping!
You die...

#.# ##.#.#########.#
#.# #.# #..#.# #.#
#<## #.# #.##.# #.#
#.## #.# #.##.# #.#
#.## #.# #.##.# #)#
#... #.# #.##.# #.#
#### #.# #.##.#
#######.####### #.#
#.##.###..............
#.#
#.##.@o...............
#.#
#.######...##########.
#.# #.# ##### #. #.#
#.## #. #.# #(.# #.
#.# ##.# #. #.# #.# #.
#.# #.# #. #.# #.# #.


You could see Blork the orc.

Vanquished Creatures
  An orc wizard (D:3)
  A worker ant (D:3)
  5 adders
  An adder skeleton (D:3)
  3 worms (D:3)
  A dart slug (D:1)
  4 leopard geckos
  3 orcs (D:3)
  8 bats
  8 giant cockroaches
  7 goblins
  3 hobgoblins
  9 jackals
  A quokka (D:3)
  A ball python (D:1)
  4 frilled lizards
  6 kobolds
  7 rats
73 creatures vanquished.

Notes
Turn   | Place    | Note
-------+----------+-------------------------------------------
     0 | D:1      | chequers the Demonspawn Necromancer began the quest for the
                  | Orb.
     0 | D:1      | Reached XP level 1. HP: 13/13 MP: 3/3
   453 | D:1      | Gained mutation: You are partially covered in sharp spines.
                  | [demonic ancestry]
   453 | D:1      | Reached XP level 2. HP: 16/19 MP: 3/5
   634 | D:1      | Reached skill level 5 in Necromancy
  1294 | D:1      | Reached XP level 3. HP: 24/24 MP: 6/6
  1837 | D:2      | Reached skill level 6 in Necromancy
  2743 | D:3      | Gained mutation: You are partially covered in slimy green
                  | scales. (AC +2) [demonic ancestry]
  2743 | D:3      | Reached XP level 4. HP: 29/30 MP: 7/7
  2820 | D:3      | Reached skill level 1 in Maces & Flails
  3024 | D:3      | Reached XP level 5. HP: 17/35 MP: 8/8
  3571 | D:3      | Found a snail-covered altar of Cheibriados.
  3950 | D:4      | Noticed Blork the orc
  3966 | D:3      | Slain by Blork the orc

Skill      XL: |  1  2  3  4  5 |
---------------+----------------+-----
Necromancy     | 5 6 |  6.5
Maces & Flails | 1 2 |  2.6
Dodging        | |  1.7
Stealth        | |  1.7
Spellcasting   | |  2.0

Action                   |  1- 3 |  4- 6 || total
-------------------------+-------+-------++-------
Melee: Unarmed           |     5 |       ||     5
       Short sword       |    94 |       ||    94
       Mace              |     4 |   117 ||   121
 Cast: Pain              |    13 |       ||    13
  Use: Scroll            |     4 |       ||     4
 Stab: Sleeping          |     3 |       ||     3
  Eat: Chunk             |     5 |     5 ||    10
Armor: Robe              |    17 |       ||    17
       Chain mail        |    28 |    95 ||   123
Dodge: Dodged            |    52 |    14 ||    66
